 Dungeon Crawl Stone Soup version 0.19.5 (webtiles) character file.

37 Kalash the Firebug (level 3, -1/28 HPs)
             Began as a Naga Fire Elementalist on Apr 21, 2017.
             Slain by a gnoll (2 damage)
             ... on level 2 of the Dungeon.
             The game lasted 00:05:19 (1335 turns).

Kalash the Firebug (Naga Fire Elementalist)         Turns: 1335, Time: 00:05:20

Health: -1/28      AC:  3    Str: 10    XL:     3   Next: 39%
Magic:  2/6        EV: 10    Int: 16    God:
Gold:   64         SH:  0    Dex: 11    Spells: 2 memorised, 4 levels left

rFire  . . .     SeeInvis +     f - +0 dagger
rCold  . . .     Gourm    .     a - +0 robe
rNeg   . . .     Faith    .     (no shield)
rPois  +         Spirit   .     (no helmet)
rElec  .         Reflect  .     (no cloak)
rCorr  .         Harm     .     o - +0 pair of gloves
MR     .....                    (no barding)
Stlth  ++........               (no amulet)
                                (no ring)
                                (no ring)

@: very slow
A: see invisible, deformed body, poison resistance, slowness 2, slow metabolism
1, spit poison 1, AC +1
a: Spit Poison


You were on level 2 of the Dungeon.
You were not hungry.

You visited 1 branch of the dungeon, and saw 2 of its levels.

You collected 64 gold pieces.

Inventory:

Hand Weapons
 e - a +0 short sword
 f - a +0 dagger (weapon)
 i - a +0 whip
Armour
 a - a +0 robe (worn)
 o - a +0 pair of gloves (worn)
Scrolls
 d - a scroll of fear {unknown}
 g - 2 scrolls of identify {unknown}
 h - a scroll of enchant weapon {unknown}
Potions
 j - a potion of degeneration {unknown}
 n - a potion of beneficial mutation {unknown}
Books
 b - a book of Flames

   Spells                             Type                      Level
   a - Flame Tongue                   Conjuration/Fire             1
   b - Throw Flame                    Conjuration/Fire             2
   c - Conjure Flame                  Conjuration/Fire             3
   d - Inner Flame                    Hexes/Fire                   3
   e - Sticky Flame                   Conjuration/Fire             4
   f - Fireball                       Conjuration/Fire             5
Comestibles
 c - 2 bread rations
 k - 4 fruits
 l - a meat ration


   Skills:
 + Level 0.8 Short Blades
 - Level 1.5 Dodging
 + Level 3.3 Stealth
 + Level 2.5 Spellcasting
 - Level 1.0 Conjurations
 * Level 3.6 Fire Magic


You had 4 spell levels left.
You knew the following spells:

 Your Spells              Type           Power        Failure   Level  Hunger
a - Flame Tongue          Conj/Fire      #....        10%         1    #......
b - Throw Flame           Conj/Fire      #.....       14%         2    ##.....


Dungeon Overview and Level Annotations

Branches:
Dungeon (2/15)

Altars:
Trog


Innate Abilities, Weirdness & Mutations

You cannot wear boots.
Your serpentine skin is tough. (AC +1)
You have supernaturally acute eyesight. (SInv)
Armour fits poorly on your strangely shaped body.
Your system is resistant to poisons. (rPois)
You cover ground very slowly.
You have a slow metabolism.
You can spit poison.


Message History

The gnoll hits you!
* * * LOW HITPOINT WARNING * * *
Casting: Flame Tongue
Confirm with . or Enter, or press ? or * to list all spells.
Aiming: Flame Tongue
Press: ? - help, Shift-Dir - straight line, f/p - gnoll
Aim: a gnoll The flame tongue hits the gnoll.
The gnoll is heavily wounded.
The gnoll hits you.
* * * LOW HITPOINT WARNING * * *
Casting: Flame Tongue
Confirm with . or Enter, or press ? or * to list all spells.
Aiming: Flame Tongue
Press: ? - help, Shift-Dir - straight line, f/p - gnoll
Aim: a gnoll (heavily wounded)
The flame tongue hits the gnoll.
The gnoll is severely wounded.
The gnoll hits you.
You die...

########## #........#
#######.######.# ############
##@##....)...##.#
...).......####.g.#.##.###.##.#
####.##.............##........#
# #.....##.####...########g####
# #..#####.# ##.## #.# ###..#
#.# #.# #.# .....#####.# #.#
#.# ###........# #'# #g#
##.######## ... #.#


You could see a gnoll.

Vanquished Creatures
  2 gnolls (D:2)
  2 leopard geckos
  A bat (D:1)
  A goblin (D:1)
  3 hobgoblins (D:1)
  A frilled lizard (D:1)
  3 kobolds (D:1)
  2 rats
15 creatures vanquished.

Notes
Turn   | Place    | Note
-------+----------+-------------------------------------------
     0 | D:1      | Kalash the Naga Fire Elementalist began the quest for the Orb.
     0 | D:1      | Reached XP level 1. HP: 15/15 MP: 3/3
   374 | D:1      | Reached XP level 2. HP: 22/22 MP: 3/5
   926 | D:2      | Noticed a moth of wrath
   929 | D:2      | Found a bloodstained altar of Trog.
  1120 | D:2      | Learned a level 2 spell: Throw Flame
  1132 | D:2      | Reached XP level 3. HP: 17/28 MP: 0/6
  1334 | D:2      | HP: 1/28 [gnoll (4)]
  1335 | D:2      | Slain by a gnoll

Action                   || total
-------------------------++-------
Melee: Unarmed           ||     6
       Dagger            ||    12
 Cast: Flame Tongue      ||    29
       Throw Flame       ||     4
  Eat: Chunk             ||     1
Armor: Robe              ||     4
Dodge: Dodged            ||    17
